 Dungeon Crawl Stone Soup version 0.31-a0-7-g51783674b7 (webtiles) character file.

Game seed: 9197456707812648543

15585 dialectric the Fighter (level 12, -8/94 HPs)
             Began as a Vine Stalker Berserker on May 6, 2023.
             Was a High Priest of Trog.
             Mangled by an ogre
             ... wielding a +0 giant club
             ... led by Lodul
              (22 damage)
             ... on level 11 of the Dungeon.
             The game lasted 00:22:34 (9498 turns).

dialectric the Fighter (Vine Stalker Berserker)     Turns: 9498, Time: 00:22:34

Health: -8/94      AC: 14    Str: 25    XL:     12   Next: 28%
Magic:  0/13       EV: 11    Int:  7    God:    Trog [*****.]
Gold:   697        SH:  0    Dex: 18    Spells: 11/11 levels left

rFire   + . .        l - +2 dagger "Qieskycs" {flame, *Rage rC+ rN+ Dex+2}
rCold   + + .        (no shield)
rNeg    + + .        o - +1 chain mail
rPois   +            (no helmet)
rElec   .            N - scarf {+Inv}
rCorr   .            R - +0 pair of gloves
SInv    .            G - +0 pair of boots
Will    +....        c - amulet "Lolaocla" {Faith rPois rN+ Dex+2} Stlth
                     L - ring of protection from cold
HPRegen 1.15/turn    B - ring of protection from fire
MPRegen 0.13/turn

%: random rage (23%), guardian spirit, faith
@: berserking, very quick
A: fangs 3, regeneration 1, magic shield, antimagic bite, no potion heal 2,
berserk 1, frail 1, evolution 1
a: Renounce Religion, Evoke Invisibility, Berserk, Trog's Hand, Brothers in Arms


You were on level 11 of the Dungeon.
You worshipped Trog.
Trog was extremely pleased with you.
You visited 3 branches of the dungeon, and saw 13 of its levels.
You also visited: Sewer, Ossuary and Ice Cave.

You collected 697 gold pieces.

Inventory:

Hand Weapons
 a - a +0 falchion of draining
 l - the +2 dagger "Qieskycs" (weapon) {flame, *Rage rC+ rN+ Dex+2}
   (You found it on level 2 of the Dungeon)

   Dex:       It affects your dexterity (+2).
   rC:        It protects you from cold.
   rN:        It protects you from negative energy.
   *Rage:     It berserks you when you make melee attacks (+20% chance).
 t - a +3 dagger of chaos
 z - a +1 antimagic rapier
 I - a +2 double sword
 J - a +3 dagger of distortion
Missiles
 b - 4 throwing nets (quivered)
Armour
 g - a +0 ring mail
 o - a +1 chain mail (worn)
 G - a +0 pair of boots (worn)
 M - a +0 troll leather armour
 N - a scarf of invisibility (worn)
 R - a +0 pair of gloves (worn)
Jewellery
 c - the amulet "Lolaocla" (around neck) {Faith rPois rN+ Dex+2}
   (You acquired it on level 5 of the Dungeon)

   [amulet of faith]

   It allows you to gain divine favour quickly.
   Dex:       It affects your dexterity (+2).
   rPois:     It protects you from poison.
   rN:        It protects you from negative energy.
 e - a ring of positive energy
 B - a ring of protection from fire (right hand)
 C - an amulet of regeneration
 L - a ring of protection from cold (left hand)
 O - a ring of resist corrosion
Wands
 f - a wand of paralysis (16)
 x - a wand of polymorph (16)
 y - a wand of digging (6)
 F - a wand of quicksilver (14)
 K - a wand of flame (1)
 S - a wand of iceblast (3)
Scrolls
 d - 15 scrolls of identify
 h - 3 scrolls of blinking
 j - 6 scrolls of teleportation
 s - 3 scrolls of fear
 v - 2 scrolls of amnesia
 E - 2 scrolls of poison
 P - a scroll of torment {unknown}
 T - a scroll of enchant weapon
Potions
 i - 7 potions of curing
 k - 4 potions of flight
 m - 2 potions of might {unknown}
 n - 2 potions of haste {unknown}
 p - 2 potions of berserk rage {unknown}
 q - 4 potions of mutation
 r - 3 potions of attraction {unknown}
 u - a potion of invisibility
 w - 3 potions of magic
 A - 4 potions of heal wounds
 D - 2 potions of lignification
 H - a potion of brilliance {unknown}
 Q - a potion of cancellation


   Skills:
 + Level 11.2 Fighting
 + Level 10.3(10.7) Short Blades
 + Level 4.4(8.0) Long Blades
 + Level 7.4 Armour
 + Level 4.3 Dodging
 - Level 3.0 Stealth
 + Level 1.9 Evocations


You had 11 spell levels left.
You didn't know any spells.
Your spell library was empty.

Dungeon Overview and Level Annotations

Branches:
Dungeon (11/15)            Temple (0/1) D:4            Lair (1/5) D:10
    Orc (1/2) D:9           Sewer (visited)         Ossuary (visited)
  IceCv (visited)

Altars:
Ashenzari
Fedhas
Gozag
Hepliaklqana
Kikubaaqudgha
Makhleb
Nemelex Xobeh
Okawaru
Qazlal
Vehumet
Wu Jian
Xom

Shops:
D:4 *=(

Annotations:
D:2 1 runed translucent door, Crazy Yiuf
D:8 1 runed translucent door, sargonster's ghost, novice HOBe
D:11 Lodul


Innate Abilities, Weirdness & Mutations

You have razor-sharp teeth.
Your natural rate of healing is unusually fast.
When hurt, damage is shared between your health and your magic reserves.
Your bite disrupts and absorbs the magic of your enemies.
Potions cannot restore your health.
You sometimes lose your temper in combat.
You are frail. (-10% HP)
You have hidden genetic potential.


Message History

The ogre shouts!
You hear a shout!
Lodul the Thundrous comes into view.
He is wielding a +3 dire flail of venom.
An ogre comes into view.
It is wielding a +0 giant club. 3 ogres come into view.
The ogre shouts! x3
You hit the ogre. You burn the ogre.
The ogre is lightly wounded.
The ogre barely misses you.
There is an open door here.
Aiming: Paralyse
Press: ? - help, Shift-Dir - straight line, f - ogre
Aim: an ogre, wielding a +0 giant club (chance to affect: 53%)
The ogre suddenly stops moving!
Electricity crackles from Lodul's apparatus.
The bolt of lightning hits you!!
Unknown command.
Unknown command.
You hit the ogre. You burn the ogre. You bite the ogre! You drain its power.
You feel invigorated.
The ogre is severely wounded.
The ogre closely misses you.
Unknown command.
You hit the ogre. You burn the ogre. You bite the ogre.
You kill the ogre!
Trog accepts your kill.
You hit the ogre. You burn the ogre.
The ogre is lightly wounded.
You hit the ogre. You burn the ogre. You bite the ogre! You drain its power.
The ogre is severely wounded.
Electricity crackles from Lodul's apparatus.
The bolt of lightning hits you!
The ogre hits you with a +0 giant spiked club!!
* * * LOW HITPOINT WARNING * * *
A red film seems to cover your vision as you go berserk!
You feel yourself moving faster!
You feel mighty!
You puncture the ogre! You burn the ogre.
You kill the ogre!
Trog accepts your kill.
The ogre hits you with a +0 giant club!!
You die...

#...>...#..#######............
#.......#..#.....+............
##.......+..#.....#............
.........#..#.....########.....
########'##..+.......... #.....
..............#.......... #.....
..##'######...#.......... #...##
..#.......'...#.OO....... #...#
..#.......#...#.@OO...... #...#
..........#...#'#OO...... #...#
...≈≈≈≈≈..#.....#..(..######...#
..#####≈.##.....#.....#........#
......#≈........#######........#
≈.....#≈.......................#
.#≈.††#≈.#.....................#
#≈#≈..#..#.....................#
..≈#....##.....................#


You could see Lodul and 5 ogres.

Vanquished Creatures
  Harold (D:10)
  2 two-headed ogres
  2 manticores (D:11)
  An oklob plant (D:10)
  An unseen horror (D:10)
  Psyche (D:8)
  2 rime drakes (D:11)
  An ice devil (D:11)
  3 trolls
  2 wraiths
  4 wyverns
  12 yaks
  A death yak simulacrum (IceCv)
  4 steam dragons
  3 vampire mosquitoes (D:10)
  2 acid dragons
  2 water moccasins
  6 orc warriors
  2 ice beasts
  5 ogres
  10 centaurs
  2 wolves (Lair:1)
  2 kobold brigands
  5 bullfrogs
  6 scorpions
  A cane toad simulacrum (IceCv)
  9 wights
  10 killer bees
  A crimson imp (D:3)
  2 jellies
  A hound (D:4)
  8 orc priests
  4 iguanas
  A sleepcap (D:5)
  Ijyb (D:4)
  8 orc wizards
  2 polar bear simulacra (IceCv)
  3 mummies (Ossuary)
  4 gnolls
  11 adders
  4 river rats
  A shadow imp (D:6)
  4 worms
  A dart slug (D:1)
  28 orcs
  16 ball pythons
  5 bats
  5 endoplasms
  9 giant cockroaches
  6 goblins
  6 hobgoblins
  2 jackals (D:1)
  5 quokkas
  7 frilled lizards
  5 goblin zombies
  5 hobgoblin zombies (Ossuary)
  20 kobolds
  A kobold zombie (Ossuary)
  2 orc zombies (Ossuary)
  A quokka zombie (D:6)
  25 rats
  2 rat zombies (D:4)
308 creatures vanquished.

Vanquished Creatures (collateral kills)
  3 ice devils (IceCv)
  A troll (D:9)
  A wyvern (Lair:1)
  A wraith (D:11)
  An acid dragon (D:10)
  A water moccasin (Lair:1)
  3 wolves (Lair:1)
  A bullfrog (Lair:1)
  A white imp (IceCv)
13 creatures vanquished.

Vanquished Creatures (others)
  A fungus (D:8)
  12 plants
13 creatures vanquished.

Grand Total: 334 creatures vanquished

Notes
Turn   | Place    | Note
-------+----------+-------------------------------------------
     0 | D:1      | dialectric the Vine Stalker Berserker began the quest for
                  | the Orb.
     0 | D:1      | Reached XP level 1. HP: 11/11 MP: 2/2
    60 | D:1      | Reached XP level 2. HP: 10/16 MP: 3/3
   309 | D:1      | Reached skill level 3 in Fighting
   331 | D:1      | Found a faded altar of an unknown god.
   384 | D:1      | Reached XP level 3. HP: 20/20 MP: 4/4
   632 | D:1      | Gained mutation: Your natural rate of healing is unusually
                  | fast. [Vine Stalker growth]
   632 | D:1      | Reached XP level 4. HP: 20/24 MP: 2/5
   666 | D:2      | Identified the +2 dagger "Qieskycs" {flame, *Rage rC+ rN+
                  | Dex+2}
   713 | D:2      | Reached ** piety under Trog
   810 | D:2      | Reached XP level 5. HP: 21/28 MP: 3/6
  1287 | D:2      | Found a runed translucent door.
  1288 | D:2      | Noticed Crazy Yiuf
  1649 | D:3      | Reached XP level 6. HP: 27/33 MP: 4/7
  1652 | D:3      | Reached skill level 1 in Short Blades
  1835 | D:3      | Reached *** piety under Trog
  1867 | D:3      | Found a burning altar of Makhleb.
  1867 | D:3      | Found a shimmering altar of Xom.
  1875 | D:3      | Reached skill level 4 in Fighting
  2088 | D:3      | Reached XP level 7. HP: 37/37 MP: 8/8
  2402 | D:4      | Found Sodumnu's Jewellery Boutique.
  2432 | D:4      | Found a staircase to the Ecumenical Temple.
  2500 | D:4      | Found a radiant altar of Vehumet.
  2565 | D:4      | Found Sipuifua's Antique Weapon Emporium.
  2585 | D:4      | Noticed Ijyb
  2592 | D:4      | Killed Ijyb
  2611 | D:4      | Found an ancient bone altar of Kikubaaqudgha.
  2714 | D:4      | Found Rivvamef's General Store.
  2792 | D:4      | Found an ornate altar of the Wu Jian Council.
  2793 | D:4      | Found a blossoming altar of Fedhas.
  2797 | D:4      | Found a broken altar of Ashenzari.
  2823 | D:4      | Found a hazy altar of Hepliaklqana.
  2929 | D:5      | Entered Level 5 of the Dungeon
  3095 | D:5      | Identified a scroll of acquirement
  3095 | D:5      | Acquired the amulet "Lolaocla" {Faith rPois rN+ Dex+2}
  3224 | D:5      | Reached skill level 1 in Stealth
  3224 | D:5      | Gained mutation: You have razor-sharp teeth. [Vine Stalker
                  | growth]
  3224 | D:5      | Reached XP level 8. HP: 41/42 MP: 9/9
  3425 | D:5      | Found a glowing drain.
  3432 | Sewer    | Entered a sewer
  3464 | Sewer    | Reached **** piety under Trog
  3510 | Sewer    | Reached skill level 5 in Fighting
  4238 | D:6      | Found an iron altar of Okawaru.
  4238 | D:6      | Found an opulent altar of Gozag.
  4353 | D:6      | Noticed a wyvern
  4357 | D:6      | Killed a wyvern
  4358 | D:6      | Reached skill level 5 in Armour
  4529 | D:6      | Reached XP level 9. HP: 48/48 MP: 10/10
  4529 | D:6      | Reached ***** piety under Trog
  4599 | D:6      | Found a sand-covered staircase.
  4607 | Ossuary  | Entered an ossuary
  5392 | D:7      | Reached skill level 6 in Fighting
  5554 | D:4      | Found a sparkling altar of Nemelex Xobeh.
  5758 | D:7      | Received a gift from Trog
  5877 | D:7      | Reached skill level 5 in Short Blades
  6365 | D:8      | Reached XP level 10. HP: 53/53 MP: 11/11
  6499 | D:8      | Reached skill level 7 in Fighting
  6603 | D:8      | Noticed Psyche
  6616 | D:8      | Killed Psyche
  6968 | D:8      | Found a runed translucent door.
  6975 | D:8      | Noticed sargonster's ghost (novice HOBe)
  6978 | D:8      | Identified the +3 spear "Qupe" {freeze, rN++}
  7058 | D:9      | Found a staircase to the Orcish Mines.
  7131 | Orc:1    | Entered Level 1 of the Orcish Mines
  7221 | D:9      | Noticed a two-headed ogre
  7234 | D:9      | Killed a two-headed ogre
  7235 | D:9      | Reached skill level 8 in Fighting
  7654 | Orc:1    | Noticed an orc warlord
  7677 | D:10     | Entered Level 10 of the Dungeon
  7724 | D:10     | You fall into a shaft and drop 1 floor!
  7733 | D:11     | Noticed a manticore
  7754 | D:11     | Killed a manticore
  7755 | D:11     | Reached skill level 9 in Fighting
  7755 | D:11     | Reached XP level 11. HP: 39/62 MP: 7/12
  7967 | D:11     | Found a frozen archway.
  7998 | IceCv    | Entered an ice cave
  8062 | IceCv    | Reached skill level 10 in Fighting
  8112 | IceCv    | Found an ancient bone altar of Kikubaaqudgha.
  8112 | IceCv    | Noticed a white ugly thing
  8205 | D:11     | Received a gift from Trog
  8241 | D:11     | Noticed a manticore
  8249 | D:11     | Killed a manticore
  8315 | D:11     | Noticed a two-headed ogre
  8342 | D:11     | Killed a two-headed ogre
  8362 | D:10     | Gained mutation: You expend magic power (3 MP) to
                  | strengthen your wands. [potion of mutation]
  8362 | D:10     | Gained mutation: Armour fits poorly on your strangely
                  | shaped body. [potion of mutation]
  8363 | D:10     | Lost mutation: You expend magic power (3 MP) to strengthen
                  | your wands. [potion of mutation]
  8363 | D:10     | Lost mutation: Armour fits poorly on your strangely shaped
                  | body. [potion of mutation]
  8363 | D:10     | Gained mutation: You occasionally shout uncontrollably at
                  | your foes. [potion of mutation]
  8363 | D:10     | Gained mutation: You are weak. (Str -2) [potion of
                  | mutation]
  8363 | D:10     | Gained mutation: You occasionally lose the ability to read
                  | scrolls when taking damage. [potion of mutation]
  8366 | D:10     | Lost mutation: You occasionally lose the ability to read
                  | scrolls when taking damage. [potion of mutation]
  8366 | D:10     | Lost mutation: You are weak. (Str -2) [potion of mutation]
  8366 | D:10     | Lost mutation: You occasionally shout uncontrollably at
                  | your foes. [potion of mutation]
  8366 | D:10     | Gained mutation: You are frail. (-10% HP) [potion of
                  | mutation]
  8366 | D:10     | Gained mutation: You sometimes lose your temper in combat.
                  | [potion of mutation]
  8366 | D:10     | Gained mutation: You have hidden genetic potential. [potion
                  | of mutation]
  8447 | D:10     | Reached skill level 1 in Evocations
  8509 | D:10     | Found a stormy altar of Qazlal.
  8515 | D:10     | Noticed Harold
  8526 | D:10     | Killed Harold
  8582 | D:10     | Reached XP level 12. HP: 62/62 MP: 13/13
  8634 | D:10     | Found a staircase to the Lair.
  8642 | D:10     | Reached skill level 10 in Short Blades
  8651 | Lair:1   | Entered Level 1 of the Lair of Beasts
  8670 | Lair:1   | Reached skill level 11 in Fighting
  9487 | D:11     | Noticed Lodul
  9498 | D:11     | Mangled by an ogre

Illustrated notes

Levels and vault maps discovered:
D:1:      elethiomel_arrival_infinity_welcomes_careful_drivers, layout_rooms,
          chequers_ecumenical_altar_island
D:2:      layout_loops_ring, kennysheep_potato, uniq_crazy_yiuf_cottage
D:3:      layout_loops_ring, grunt_temple_overflow_champion_of_chaos
D:4:      layout_rooms, lemuel_zombie_altar_kikubaaqudgha,
          nemelex_diamond_rough_becter, nicolae_overflow_quartered_altars,
          nicolae_overflow_crystal_walls, minmay_temple_entry_crystal_x,
          serial_shops, nicolae_shop_dealshenge, kennysheep_mini, shop,
          uniq_ijyb
D:5:      layout_cave_pools, gup_sewer_entry_spiral, kennysheep_generic_room_8
D:6:      layout_basic, chequers_temple_overflow_statue_of_worship,
          enter_ossuary_4
D:7:      layout_cave_pools, corexii_leaking_fountain
D:8:      layout_loops_corners, ebering_ghost_funeral_grove, uniq_psyche
D:9:      layout_rooms, minmay_orc_entry_temple_small,
          kennysheep_generic_room_16
D:10:     layout_long_grid, nicolae_qazlal_scattered_showers, dpeg_oklobed_lair,
          special_room [special_room_bee], uniq_harold
D:11:     layout_irregular_city, portal_ice_cave_rime, uniq_lodul
Lair:1:   layout_chaotic_city, basic_altar, serial_bayou_shore_b,
          serial_bayou_shore_b, grunt_megastairs_3
Orc:1:    layout_diamond_mine, uniq_josephine

Skill      XL: |  1  2  3  4  5  6  7  8  9 10 11 12 |
---------------+-------------------------------------+-----
Long Blades    | 3 4 |  4.4
Fighting       | 3 4 5 6 9 10 11 | 11.2
Dodging        | 2 3 4 |  4.3
Armour         | 2 4 5 6 7 |  7.4
Short Blades   | 2 3 4 5 7 9 10 | 10.3
Stealth        | 1 3 |  3.0
Evocations     | 1 |  1.9

Action                     |  1- 3 |  4- 6 |  7- 9 | 10-12 || total
---------------------------+-------+-------+-------+-------++-------
  Melee: Falchion          |    68 |     2 |       |       ||    70
         Bite              |     8 |    30 |   118 |   169 ||   325
         Dagger            |       |   136 |   365 |   443 ||   944
         Punch             |       |     5 |     3 |     7 ||    15
 Invoke: Berserk           |     2 |     1 |       |     2 ||     5
         Brothers in Arms  |       |       |       |     5 ||     5
  Evoke: Wand              |       |       |       |     9 ||     9
    Use: Potion            |       |     1 |       |     5 ||     6
         Scroll            |       |       |    13 |     5 ||    18
   Stab: Sleeping          |       |       |     2 |       ||     2
         Distracted        |       |       |       |     1 ||     1
 Armour: Animal skin       |    12 |       |       |       ||    12
         Ring mail         |    14 |    50 |   110 |       ||   174
         Chain mail        |       |       |    22 |   257 ||   279
  Dodge: Dodged            |    45 |    65 |   257 |   326 ||   693

Table legend: (Time is in decaauts)
 A = Elapsed time spent in this place.
 B = Non-inter-level travel time spent in this place.
 C = Inter-level travel time spent in this place.
 D = Time resting spent in this place.
 E = Time spent auto-exploring this place.
 F = Levels seen in this place.
 G = Mean time per level.
                   A        B        C        D        E       F      G
               +--------+--------+--------+--------+--------+-----+--------+
         Total |  10024 |   9650 |    374 |    462 |   5613 |  16 |  626.5 |
       Dungeon |   8611 |   8238 |    373 |    296 |   5064 |  11 |  782.8 |
          Lair |     72 |     72 |      0 |      0 |      0 |   1 |   72.0 |
  Orcish Mines |     18 |     17 |      1 |      0 |      0 |   1 |   18.0 |
         Sewer |    699 |    699 |      0 |    132 |    284 |   1 |  699.0 |
       Ossuary |    458 |    458 |      0 |      0 |    265 |   1 |  458.0 |
      Ice Cave |    163 |    163 |      0 |     34 |      0 |   1 |  163.0 |
               +--------+--------+--------+--------+--------+-----+--------+

Top non-repeatable levels by time:
     D:2: 1069 daAuts
     D:8: 948 daAuts
     D:5: 865 daAuts
    D:10: 857 daAuts
     D:3: 809 daAuts
     D:9: 788 daAuts
     D:4: 722 daAuts
     D:6: 703 daAuts
   Sewer: 699 daAuts
    D:11: 667 daAuts
     D:1: 658 daAuts
     D:7: 521 daAuts
 Ossuary: 458 daAuts
   IceCv: 163 daAuts
  Lair:1: 72 daAuts
